 Dungeon Crawl Stone Soup version 0.30.1-9-gdf580d7c3d (webtiles) character file.

Game seed: 13693446879413444189

593076 jfcaron the Gnoll Blade (level 27, -22/256 HPs)
             Began as a Gnoll Venom Mage on Oct 21, 2023.
             Was the Champion of Cheibriados.
             Killed by an exploding ball lightning (25 damage)
             ... on level 3 of a ziggurat on Oct 25, 2023.
             The game lasted 05:14:51 (75755 turns).

jfcaron the Gnoll Blade (Gnoll Venom Mage)         Turns: 75755, Time: 05:14:52

Health: -22/256    AC: 33    Str: 31    XL:     27
Magic:  24/52      EV: 32    Int: 47    God:    Cheibriados [******]
Gold:   7744       SH: 33    Dex: 29    Spells: 11/64 levels left

rFire   + + .        a - +6 Majin-Bo {spellvamp, MP+6 Int+6}
rCold   + + +        O - +8 tower shield {rC+}
rNeg    + . .        V - melded +2 robe {Archmagi}
rPois   ∞            d - +0 helmet
rElec   +            K - +0 cloak of the Turtle {rF+ Regen+ Str+3}
rCorr   +            i - melded +2 pair of gloves "Gofriusaen" {+Blink}
SInv    +            Q - melded +2 pair of boots
Will    ++++.        t - amulet of Xom's Best Wishes {Will+ Regen+}
Stlth   ++++++++     P - ring of Panentheism {*Corrode +Blink rPois rF+ rC+++}
HPRegen 2.22/turn    W - ring "Elawyofe" {Contam Will+ rCorr Str+4 SInv}
MPRegen 0.33/turn

%: corrode self (3%)
@: statue-form, corroded, studying 3 skills, very slow
A: slow and powerful, torment resistance 1, boosted hp, fangs 1, strong nose,
distributed training, frail 1
}: 4/15 runes: decaying, serpentine, slimy, silver
a: End Transformation, Renounce Religion, Evoke Blink, Bend Time, Temporal
Distortion, Slouch, Step From Time


You were on level 3 of a ziggurat.
You worshipped Cheibriados.
Cheibriados was exalted by your worship.
You were a living statue of rough stone.
You visited 12 branches of the dungeon, and saw 52 of its levels.
You visited 1 ziggurat, and saw 3 of its levels.
You also visited: Ice Cave, Volcano and Desolation.

You collected 11190 gold pieces.
You spent 3446 gold pieces at shops.

Inventory:

Hand Weapons
 a - the +6 Majin-Bo (weapon) {spellvamp, MP+6 Int+6}
   (You took it off an imperial myrmidon in the Desolation of Salt)

   Int:       It affects your intelligence (+6).
   MP:        It affects your magic capacity (+6).
 b - a +9 hand crossbow of electrocution
   (You found it on level 15 of the Dungeon)
 h - the +8 trishula "Condemnation" {holy, anguish, *Noise Fly rN+}
   (You took it off a deep elf elementalist on level 3 of the Elven Halls)

   rN:        It protects you from negative energy.
   Fly:       It grants you flight.
   *Noise:    It may make noises in combat.
 l - the +8 arc blade {discharge, rElec}
   (You took it off a deep elf annihilator on level 3 of the Elven Halls)

   rElec:     It insulates you from electricity.
Missiles
 m - 8 boomerangs of dispersal {!f}
 n - 2 throwing nets {!f}
 M - 10 silver javelins {!f}
 S - 25 curare-tipped darts {!f}
Armour
 d - a +0 helmet (worn)
 i - the +2 pair of gloves "Gofriusaen" (melded) {+Blink}
   (You acquired it on level 4 of the Vaults)

   +Blink:    It lets you blink.
 K - the +0 cloak of the Turtle (worn) {rF+ Regen+ Str+3}
   (You found it on level 3 of the Crypt)

   Str:       It affects your strength (+3).
   rF:        It protects you from fire.
   Regen:     It increases your rate of health regeneration.
 O - a +8 tower shield of cold resistance (worn)
   (You found it in an ice cave)
 Q - a +2 pair of boots (melded)
 V - a +2 robe of the Archmagi (melded)
   (You took it off a naga warrior on level 1 of the Snake Pit)
Jewellery
 t - the amulet of Xom's Best Wishes (around neck) {Will+ Regen+}
   (You took it off a deep elf elementalist on level 3 of the Elven Halls)

   [amulet of regeneration]

   Regen:     It increases your rate of health regeneration.
   Will:      It increases your willpower.
 P - the ring of Panentheism (left fist) {*Corrode +Blink rPois rF+ rC+++}
   (You found it on level 8 of the Dungeon)

   [ring of protection from fire]

   rF:        It protects you from fire.
   rC:        It renders you almost immune to cold.
   rPois:     It protects you from poison.
   +Blink:    It lets you blink.
   *Corrode:  It may corrode you when you take damage.
 W - the ring "Elawyofe" (right fist) {Contam Will+ rCorr Str+4 SInv}
   (You found it on level 3 of the Crypt)

   [ring of willpower]

   Str:       It affects your strength (+4).
   SInv:      It lets you see invisible.
   Contam:    It causes magical contamination when unequipped.
   rCorr:     It protects you from acid and corrosion.
   Will:      It increases your willpower.
Wands
 j - a wand of mindburst (50)
   (You found it on level 4 of the Lair of Beasts)
 u - a wand of iceblast (57)
   (You found it on level 1 of the Lair of Beasts)
 A - a wand of digging (21)
   (You took it off a gnoll on level 6 of the Dungeon)
 J - a wand of paralysis (48)
   (You found it on level 7 of the Dungeon)
 R - a wand of light (25)
   (You took it off a deep elf pyromancer on level 3 of the Elven Halls)
Scrolls
 f - 6 scrolls of silence
 o - 7 scrolls of magic mapping
 p - 10 scrolls of vulnerability
 r - 19 scrolls of teleportation
 z - 5 scrolls of fear
 G - 8 scrolls of blinking
 N - 13 scrolls of fog
 U - 3 scrolls of butterflies
 Z - 3 scrolls of poison
Potions
 c - 7 potions of cancellation
 e - 6 potions of magic
 g - 16 potions of curing
 k - 4 potions of ambrosia
 q - 10 potions of mutation
 v - 5 potions of resistance
 w - 11 potions of heal wounds
 B - 4 potions of invisibility
 E - 8 potions of attraction
 I - 12 potions of might
 L - 5 potions of flight
 T - 11 potions of brilliance
 Y - 3 potions of haste
Miscellaneous
 x - a condenser vane
   (You found it on level 2 of the Swamp)
 y - the horn of Geryon
   (You took it off Geryon in the Vestibule of Hell)
 D - a phantom mirror
   (You found it on level 5 of the Lair of Beasts)
 F - a lightning rod (4/4)
   (You found it on level 14 of the Dungeon)
 X - a box of beasts
   (You found it on level 3 of the Swamp)


   Skills:
 + Level 18.6 Fighting
 + Level 18.6 Short Blades
 + Level 24.0 Long Blades
 + Level 22.1 Axes
 + Level 18.6 Maces & Flails
 + Level 18.6 Polearms
 + Level 18.6 Staves
 + Level 18.6 Ranged Weapons
 + Level 18.6 Throwing
 + Level 18.6 Armour
 + Level 19.1 Dodging
 + Level 19.0 Stealth
 + Level 19.3 Shields
 + Level 20.4 Unarmed Combat
 + Level 19.2 Spellcasting
 + Level 15.9 Conjurations
 + Level 15.9 Hexes
 + Level 15.9 Summonings
 + Level 15.9 Necromancy
 + Level 15.9 Translocations
 + Level 16.0 Transmutations
 + Level 15.9 Fire Magic
 + Level 15.9 Ice Magic
 + Level 15.9 Air Magic
 + Level 15.9 Earth Magic
 + Level 16.7 Poison Magic
 + Level 20.1 Invocations
 + Level 18.6 Evocations


You had 11 spell levels left.
You knew the following spells:

 Your Spells              Type           Power      Damage    Failure   Level
a - Borgnjor's Vile Clut  Necr/Erth      57%        N/A       1%          5
b - Conjure Ball Lightni  Conj/Air       57%        3x3d21    1%          6
c - Passwall              Tmut/Erth      95%        N/A       0%          2
d - Orb of Destruction    Conj           57%        9d14      1%          7
g - Tukima's Dance        Hex            100%       N/A       0%          3
h - Yara's Violent Unrav  Hex/Tmut       57%        3d22      1%          5
i - Dispel Undead         Necr           100%       3d31      0%          4
j - Blink                 Tloc           100%       N/A       0%          2
k - Freezing Cloud        Conj/Ice/Air   57%        6-21      1%          5
l - Iron Shot             Conj/Erth      57%        9d11      1%          6
m - Statue Form           Tmut/Erth      76%        N/A       1%          6
n - Wereblood             Tmut           100%       N/A       0%          2

Your spell library contained the following spells:

 Spells                   Type           Power      Damage    Failure   Level
 Beastly Appendage        Tmut           100%       N/A       0%          1
 Foxfire                  Conj/Fire      100%       2x1d9     0%          1
 Freeze                   Ice            100%       1d10      0%          1
 Kiss of Death            Conj/Necr      100%       2d13      0%          1
 Magic Dart               Conj           100%       1d8       0%          1
 Necrotise                Necr           100%       1d9       0%          1
 Sandblast                Erth           100%       2d20      0%          1
 Sting                    Tmut/Pois      100%       1d8       0%          1
 Summon Small Mammal      Summ           100%       N/A       0%          1
 Call Imp                 Summ           100%       N/A       0%          2
 Cigotuvi's Dreadful Rot  Necr/Pois/Air  100%       N/A       0%          2
 Ensorcelled Hibernation  Hex/Ice        100%       N/A       0%          2
 Lesser Beckoning         Tloc           100%       N/A       0%          2
 Momentum Strike          Conj/Tloc      100%       3d10      0%          2
 Poisonous Vapours        Pois/Air       100%       N/A       0%          2
 Searing Ray              Conj           100%       2d8       0%          2
 Call Canine Familiar     Summ           100%       N/A       0%          3
 Confusing Touch          Hex            100%       N/A       0%          3
 Dazzling Flash           Conj/Hex       100%       N/A       0%          3
 Gell's Gravitas          Tloc           100%       N/A       0%          3
 Hailstorm                Conj/Ice       100%       3d20      0%          3
 Ignite Poison            Fire/Tmut/Pois 100%       N/A       0%          3
 Inner Flame              Hex/Fire       100%       N/A       0%          3
 Mephitic Cloud           Conj/Pois/Air  100%       N/A       0%          3
 Portal Projectile        Hex/Tloc       100%       N/A       0%          3
 Spider Form              Tmut/Pois      100%       N/A       0%          3
 Stone Arrow              Conj/Erth      100%       3d13      0%          3
 Summon Guardian Golem    Hex/Summ       100%       N/A       0%          3
 Swiftness                Air            100%       N/A       0%          3
 Teleport Other           Tloc           100%       N/A       0%          3
 Vampiric Draining        Necr           100%       2d13      0%          3
 Volatile Blastmotes      Fire/Tloc      100%       2d18      0%          3
 Anguish                  Hex/Necr       57%        N/A       0%          4
 Animate Armour           Summ/Erth      100%       N/A       0%          4
 Animate Dead             Necr           100%       N/A       0%          4
 Cause Fear               Hex            57%        N/A       0%          4
 Fulminant Prism          Conj/Hex       57%        3d24      0%          4
 Ice Form                 Ice/Tmut       100%       N/A       0%          4
 Iskenderun's Mystic Bla  Conj/Tloc      100%       2d19      0%          4
 Leda's Liquefaction      Hex/Erth       57%        N/A       0%          4
 Manifold Assault         Tloc           100%       N/A       0%          4
 Olgreb's Toxic Radiance  Pois           100%       N/A       0%          4
 Passage of Golubria      Tloc           100%       N/A       0%          4
 Petrify                  Tmut/Erth      100%       N/A       0%          4
 Summon Lightning Spire   Summ/Air       100%       N/A       0%          4
 Agony                    Necr           100%       N/A       1%          5
 Blade Hands              Tmut           57%        N/A       1%          5
 Fireball                 Conj/Fire      57%        3d22      1%          5
 Iskenderun's Battlesphe  Conj           100%       2d15      1%          5
 Metabolic Englaciation   Hex/Ice        57%        N/A       1%          5
 Silence                  Hex/Air        57%        N/A       1%          5
 Summon Forest            Summ/Tloc      57%        N/A       1%          5
 Summon Mana Viper        Hex/Summ       100%       N/A       1%          5
 Death Channel            Necr           57%        N/A       1%          6
 Dispersal                Tloc           57%        N/A       1%          6
 Plasma Beam              Fire/Air       57%        2x1d79    1%          6
 Simulacrum               Ice/Necr       57%        N/A       1%          6
 Starburst                Conj/Fire      57%        6d15      1%          6
 Dragon Form              Tmut           57%        N/A       1%          7
 Enfeeble                 Hex            57%        N/A       1%          7
 Spellforged Servitor     Conj/Summ      57%        N/A       1%          7
 Storm Form               Tmut/Air       57%        N/A       1%          7
 Summon Hydra             Summ           57%        N/A       1%          7
 Borgnjor's Revivificati  Necr           57%        N/A       6%          8
 Discord                  Hex            57%        N/A       6%          8
 Disjunction              Tloc           57%        N/A       6%          8
 Lehudib's Crystal Spear  Conj/Erth      57%        10d13     6%          8
 Maxwell's Capacitive Co  Air            57%        ∞         6%          8
 Chain Lightning          Conj/Air       57%        3d76      69%         9
 Death's Door             Necr           57%        N/A       69%         9
 Fire Storm               Conj/Fire      57%        8d14      69%         9
 Polar Vortex             Ice            57%        N/A       69%         9
 Shatter                  Erth           57%        3d43*     69%         9


Dungeon Overview and Level Annotations

Branches:
Dungeon (15/15)            Temple (1/1) D:5            Lair (5/5) D:11
  Swamp (4/4) Lair:3        Snake (4/4) Lair:2        Slime (5/5) Lair:4
    Orc (2/2) D:9             Elf (3/3) Orc:2        Vaults (5/5) D:13
  Crypt (3/3) Vaults:3       Tomb (0/3) Crypt:3      Depths (4/4) D:15
   Hell (visited)             Dis (0/7) Hell            Geh (0/7) Hell
    Coc (0/7) Hell            Tar (0/7) Hell            Zot (0/5) Depths:4
  IceCv (visited)         Volcano (visited)         Desolation (visited)

Altars:
Ashenzari
Cheibriados
Dithmenos
Elyvilon
Fedhas
Gozag
Hepliaklqana
Kikubaaqudgha
Makhleb
Nemelex Xobeh
Okawaru
Qazlal
Ru
Sif Muna
Trog
Uskayaw
Vehumet
Wu Jian
Xom
Yredelemnul
Zin
The Shining One
Jiyva
Lugonu

Shops:
D:4 ==(   D:5 :   D:14 !   D:15 =   Orc:2 *[(=   Elf:2 =   Elf:3 =   Snake:3 :
Vaults:1 *   Vaults:2 ?   Vaults:3 [   Vaults:4 [!   Vaults:5 [   Depths:2 ::=

Portals:
Hell: Depths:1 Depths:2 Depths:3 Depths:4
Abyss: Lair:5 Depths:3
Pandemonium: Depths:2 Depths:4


Innate Abilities, Weirdness & Mutations

You are a living statue of rough stone.
Your actions are slow, but your melee attacks are powerful.
You are resistant to unholy torment.
Your maximum health is greatly increased.
You are immune to poison.
Your equipment is partially melded.
You have very sharp teeth.
Your uncanny sense of smell can sniff out nearby items.
Your experience applies equally to all skills.
You are frail. (-10% HP)


Message History

* * * LOW HITPOINT WARNING * * *
The blast of lightning engulfs the ball lightning.
The ball lightning completely resists.
The blast of lightning engulfs the ball lightning.
The ball lightning completely resists.
The blast of lightning engulfs the ball lightning.
The ball lightning completely resists.
The ball lightning explodes!
The blast of lightning engulfs the ball lightning.
The ball lightning completely resists.
The blast of lightning engulfs you! You resist.
* * * LOW HITPOINT WARNING * * *
The blast of lightning engulfs the ball lightning.
The ball lightning completely resists.
The blast of lightning engulfs the ball lightning.
The ball lightning completely resists.
The blast of lightning engulfs the ball lightning.
The ball lightning completely resists.
The ball lightning explodes!
The blast of lightning engulfs you!! You resist.
* * * LOW HITPOINT WARNING * * *
The blast of lightning engulfs the ball lightning.
The ball lightning completely resists.
The blast of lightning engulfs the ball lightning.
The ball lightning completely resists.
The blast of lightning engulfs the ball lightning.
The ball lightning completely resists. 3 ball lightnings come into view.
You feel much better.
You are engulfed in a thunderstorm.
You resist.
* * * LOW HITPOINT WARNING * * *
The ball lightning explodes!
The blast of lightning engulfs you!! You resist.
* * * LOW HITPOINT WARNING * * *
The blast of lightning engulfs the ball lightning.
The ball lightning completely resists.
The blast of lightning engulfs the ball lightning.
The ball lightning completely resists.
The ball lightning explodes!
The blast of lightning engulfs you!! You resist.
You die...

▓▓▓▓▓▓▓▓▓
▓.......▓
▓▓▓.......▓▓▓
▓...........▓
▓...........▓
▓......§§.=∩▓
▓∩.*.8.§..[>▓
▓...§§.§..)∩▓
▓....§§.....▓
▓...§§§.....▓
▓▓▓.......▓▓▓
▓.......▓
▓▓▓▓▓▓▓▓▓


You could see a ball lightning (wandering).

Vanquished Creatures
  the Royal Jelly (Slime:5)
  An ancient lich (Vaults:5)
  2 dread liches (Vaults:5)
  A juggernaut (Depths:3)
  A pandemonium lord (Zig:3)
  Saint Roka (Depths:4)
  Geryon (Hell)
  6 golden dragons
  Jory (Crypt:3)
  Nikola (Vaults:1)
  A Brimstone Fiend (Zig:3)
  3 tentacled monstrosities
  A hellephant (Hell)
  Rupert (D:14)
  2 deep elf blademasters (Elf:3)
  6 liches
  2 deep elf master archers (Elf:3)
  A walking divine tome (Depths:4)
  5 titans
  14 acid blobs
  3 quicksilver dragons
  9 sphinxes
  3 ancient champions
  12 tengu reavers
  5 shadow dragons
  5 thorn hunters
  Kirke (Swamp:2)
  3 storm dragons (Vaults:5)
  Frances (Snake:2)
  Donald (Vaults:1)
  9 azure jellies
  5 nagarajas
  13 fire giants
  Roxanne (Swamp:1)
  13 vault wardens
  3 fenstrider witches (Swamp:4)
  2 iron dragons
  6 rockslimes (Slime:5)
  5 frost giants
  8 deep elf sorcerers
  A draconian knight (Depths:4)
  Louise (Elf:2)
  A draconian stormcaller (Depths:4)
  Aizul (Swamp:2)
  2 imperial myrmidons (Desolation)
  8 orc warlords
  A balrug (Hell)
  3 curse skulls
  A juggernaut zombie (Depths:1)
  A caustic shrike zombie (Depths:1)
  4 deep elf elementalists (Elf:3)
  2 angels (Vaults:1)
  6 ghouls
  20 very ugly things
  7 reapers
  7 quicksilver oozes
  2 cacodemons (Hell)
  A juggernaut skeleton (Crypt:1)
  A black draconian (Depths:4)
  23 ironbound preservers
  A spriggan defender (Depths:2)
  A caustic shrike skeleton (Crypt:1)
  4 war gargoyles
  6 eleionomae
  15 vampire knights
  16 stone giants
  9 ironbound thunderhulks
  A green draconian (Depths:4)
  A lorocyproca (Hell)
  5 bunyips
  6 deep elf annihilators (Elf:3)
  7 deep elf demonologists
  A dire elephant (Vaults:4)
  7 spark wasps
  2 halazid warlocks (Desolation)
  3 yellow draconians (Depths:4)
  A white draconian (Depths:4)
  A green death (Swamp:4)
  13 ettins
  3 crystal guardians
  2 eidola
  2 merfolk impalers
  A blizzard demon (Depths:1)
  7 deep elf death magi
  A merfolk javelineer (Depths:1)
  A kraken zombie (Hell)
  16 yaktaur captains
  4 deep elf high priests
  7 fire dragons
  A shambling mangrove (Swamp:1)
  18 jiangshi
  2 entropy weavers
  9 rakshasas
  7 servants of whispers (Desolation)
  2 ragged hierophants (Desolation)
  2 ghost crabs (Swamp:4)
  10 great orbs of eyes
  35 vault guards
  4 spriggan zombies
  6 ice dragons
  11 peacekeepers
  A catoblepas (shapeshifter) (D:15)
  2 salamander tyrants
  6 ironbound frosthearts
  5 ogre magi
  17 hydras
  11 spriggan air magi
  20 centaur warriors
  A two-headed ogre (shapeshifter) (Depths:2)
  Erica (D:11)
  8 alligators
  5 death knights
  13 anacondas
  8 deep troll earth magi
  14 naga warriors
  7 boulder beetles
  8 deep troll shamans
  The ghost of Cheops the Frost Mage, a novice NaIE of Cheibriados (D:10)
  11 death yaks
  17 vampire magi
  3 thrashing horrors (Lair:5)
  2 orc high priests
  4 spriggan berserkers
  10 tengu warriors
  6 two-headed ogres
  The ghost of bairyn the Thaumaturge, a journeyman DESu of Cheibriados (D:10)
  A shock serpent (shapeshifter) (D:15)
  12 naga sharpshooters
  21 deep elf knights
  5 soul eaters
  2 shock serpents (Snake:3)
  2 sun demons (Hell)
  4 storm dragon zombies (Crypt:3)
  4 shadow wraiths
  12 hell knights
  7 salamander mystics
  A storm dragon skeleton (Crypt:1)
  2 sixfirhies
  10 goliath frogs
  6 glowing orange brains
  2 spark wasp zombies
  2 sea snakes (shapeshifter)
  6 iron trolls
  19 skeletal warriors
  3 flayed ghosts
  5 swamp dragons
  8 naga ritualists
  3 spriggan druids
  3 anaconda zombies
  58 deep trolls
  5 bog bodies
  15 deep elf archers
  An orb spider (shapeshifter) (Vaults:5)
  26 phantasmal warriors
  A golden dragon zombie (Crypt:3)
  Pikel (D:7)
  21 orc knights
  An orange crystal statue (Depths:1)
  8 lindwurms
  4 wizards
  An obsidian statue (D:10)
  34 deep elf pyromancers
  40 deep elf zephyrmancers
  An anaconda skeleton (Crypt:1)
  A wolf spider (shapeshifter) (Depths:3)
  27 ironbound convokers
  A golden dragon skeleton (Crypt:1)
  2 harpies (Depths:3)
  An iron dragon zombie (Depths:2)
  11 necromancers
  5 shining eyes
  A shadow dragon skeleton (Crypt:1)
  6 orc sorcerers
  26 ugly things
  9 mana vipers
  A wolf spider (Zig:2)
  2 manticores
  4 cyclopes
  15 salamanders
  A moth of wrath (shapeshifter) (Zig:1)
  A dire elephant zombie (Crypt:3)
  2 frost giant skeletons
  A will-o-the-wisp (Swamp:3)
  21 naga magi
  5 guardian serpents
  A naga zombie (Crypt:3)
  A stone giant skeleton (Depths:1)
  A guardian serpent (shapeshifter) (Vaults:5)
  A centaur zombie (Crypt:3)
  39 black mambas
  7 elephants
  23 vault sentinels
  3 eyes of devastation
  A torpor snail (Lair:4)
  7 rust devils
  5 smoke demons (Lair:5)
  Joseph (D:7)
  4 molten gargoyles (Desolation)
  An ice statue (IceCv)
  A demonic crawler (Hell)
  9 cane toads
  5 freezing wraiths
  A dire elephant skeleton (Crypt:3)
  2 orange demons (Hell)
  A kobold demonologist (D:11)
  4 rime drakes
  9 komodo dragons
  23 yaktaurs
  A white draconian skeleton (Crypt:3)
  An ice devil (Hell)
  4 spectral deep trolls (Crypt:2)
  A golden dragon simulacrum (Depths:2)
  4 tengu conjurers
  A grey draconian skeleton (Crypt:2)
  A red devil (Hell)
  2 ancient zymes (Lair:5)
  A harpy zombie (Crypt:3)
  A queen bee (Lair:3)
  2 hydra zombies
  13 trolls
  A meliai (Zig:2)
  A merfolk (D:9)
  9 hornets
  A bloated husk (Swamp:3)
  A hornet (shapeshifter) (Vaults:5)
  A red draconian skeleton (Crypt:2)
  A jumping spider zombie (Crypt:1)
  A tarantella (shapeshifter) (Elf:2)
  3 hellwings (Swamp:4)
  10 dream sheep
  A harpy skeleton (Crypt:1)
  2 hydra skeletons (Hell)
  18 blink frogs
  6 tyrant leeches
  48 saltlings (Desolation)
  An alligator zombie (Hell)
  11 polar bears (IceCv)
  A black mamba zombie (Crypt:1)
  A blink frog (shapeshifter) (Vaults:5)
  42 dancing weapons
  18 vampires (Crypt:3)
  3 air elementals
  4 flying skulls (Crypt:1)
  A culicivora (Vaults:4)
  95 slime creatures
  5 spriggans
  11 wraiths
  2 shadows
  6 hogs
  54 yaks
  19 water elementals
  A ynoxinul (Lair:5)
  8 wyverns
  6 fire elementals
  A hog (shapeshifter) (Vaults:5)
  A steam dragon (D:7)
  A yak (shapeshifter) (Elf:3)
  2 large abominations (Lair:5)
  3 humans (Swamp:2)
  8 basilisks
  3 chaos spawn
  5 redbacks
  Edmund (D:5)
  22 vampire mosquitoes
  2 wargs
  A neqoxec (Swamp:4)
  A harpy simulacrum (Crypt:1)
  17 swamp worms
  56 nagas
  A glowing shapeshifter zombie (Crypt:2)
  A skyshark zombie (Crypt:3)
  4 hell hounds (Volcano)
  3 acid dragons
  9 water moccasins
  2 floating eyes
  Duvessa (D:5)
  A hydra simulacrum (Hell)
  A demonspawn skeleton (Crypt:2)
  An ice beast (shapeshifter) (D:13)
  A naga skeleton (Crypt:2)
  A swamp drake (Lair:3)
  52 orc warriors
  10 black bears
  2 ice beasts
  An elephant zombie (Crypt:1)
  A sky beast (D:6)
  8 ogres
  28 wolves
  6 centaurs
  The ghost of KittyFluff the Cudgeller, an amateur GrBe of Trog (D:3)
  3 kobold brigands
  14 bullfrogs
  Blork the orc (D:5)
  An elf skeleton (Crypt:3)
  A water moccasin zombie (Crypt:3)
  4 necrophages
  6 scorpions
  A cyclops zombie (Orc:1)
  5 gnoll sergeants
  3 earth elementals
  3 cyclops skeletons
  A warg zombie (Orc:1)
  A hornet simulacrum (D:14)
  6 wights
  Dowan (D:5)
  37 killer bees
  A jelly (D:7)
  2 warg skeletons (Orc:1)
  A polar bear skeleton (Crypt:2)
  A raiju skeleton (Crypt:3)
  11 small abominations (Lair:5)
  7 howler monkeys
  2 spriggan skeletons (Crypt:1)
  A troll skeleton (Orc:1)
  10 electric eels
  A basilisk zombie (Crypt:2)
  A bullfrog skeleton (Crypt:2)
  47 orc priests
  2 gnoll boudas (D:9)
  5 hounds
  A sleepcap (D:7)
  Ijyb (D:5)
  8 iguanas
  A black bear skeleton (Crypt:2)
  26 orc wizards
  5 hell rats (Hell)
  An ogre zombie (Orc:1)
  A deep dwarf zombie (Crypt:3)
  2 tengu skeletons
  An acid dragon skeleton (Crypt:2)
  A howler monkey zombie (Crypt:1)
  21 gnolls
  6 adders
  4 orc skeletons (Orc:1)
  2 ufetubi (D:5)
  An orc simulacrum (Orc:1)
  2 orc zombies (Orc:1)
  An adder skeleton (Crypt:1)
  An iguana skeleton (Crypt:1)
  3 worms
  3 dart slugs
  88 orcs
  6 bats
  3 endoplasms
  6 giant cockroaches
  8 goblins
  7 hobgoblins
  2 jackals (D:3)
  10 kobolds
  3 quokkas
  10 ball pythons
  9 frilled lizards
  A frilled lizard skeleton (Crypt:2)
  A kobold skeleton (Crypt:3)
  2 rats
  A rat zombie (Crypt:3)
  A river rat skeleton (Crypt:3)
  A spectral orc (D:10)
  328 ball lightnings
  3 fire vortices (Hell)
  2 foxfires (Swamp:3)
  7 tentacles (Hell)
2791 creatures vanquished.

Notes
Turn   | Place    | Note
-------+----------+-------------------------------------------
     0 | D:1      | jfcaron the Gnoll Venom Mage began the quest for the Orb.
     0 | D:1      | Reached XP level 1. HP: 13/13 MP: 6/6
   212 | D:1      | Reached XP level 2. HP: 19/19 MP: 7/7
   245 | D:1      | Learned a level 2 spell: Poisonous Vapours
   650 | D:1      | Found a faded altar of an unknown god.
  1297 | D:2      | Reached skill level 5 in Spellcasting
  1297 | D:2      | Reached XP level 3. HP: 25/25 MP: 2/9
  1365 | D:2      | Reached skill level 1 in Invocations
  1457 | D:2      | Reached skill level 1 in Fighting
  1457 | D:2      | Reached skill level 1 in Short Blades
  1457 | D:2      | Reached skill level 1 in Long Blades
  1457 | D:2      | Reached skill level 1 in Axes
  1457 | D:2      | Reached skill level 1 in Maces & Flails
  1457 | D:2      | Reached skill level 1 in Polearms
  1457 | D:2      | Reached skill level 1 in Staves
  1457 | D:2      | Reached skill level 1 in Ranged Weapons
  1457 | D:2      | Reached skill level 1 in Throwing
  1457 | D:2      | Reached skill level 1 in Armour
  1457 | D:2      | Reached skill level 1 in Shields
  1457 | D:2      | Reached skill level 1 in Unarmed Combat
  1457 | D:2      | Reached skill level 1 in Evocations
  1693 | D:2      | Found a shadowy altar of Dithmenos.
  1777 | D:2      | Reached XP level 4. HP: 32/32 MP: 6/11
  2193 | D:3      | Reached skill level 1 in Conjurations
  2193 | D:3      | Reached skill level 1 in Hexes
  2193 | D:3      | Reached skill level 1 in Summonings
  2193 | D:3      | Reached skill level 1 in Necromancy
  2193 | D:3      | Reached skill level 1 in Translocations
  2193 | D:3      | Reached skill level 1 in Fire Magic
  2193 | D:3      | Reached skill level 1 in Ice Magic
  2193 | D:3      | Reached skill level 1 in Air Magic
  2193 | D:3      | Reached skill level 1 in Earth Magic
  2379 | D:3      | Found a runed translucent door.
  2431 | D:3      | Reached XP level 5. HP: 31/37 MP: 6/12
  2730 | D:3      | Found a runed translucent door.
  2731 | D:3      | Noticed KittyFluff's ghost (amateur GrBe)
  2783 | D:3      | Identified the +0 leather armour "Tuism" {Contam Int+3
                  | Slay+5}
  3135 | D:4      | Found Buarph's Jewellery Shop.
  3143 | D:4      | Found Deckaum's Jewellery Shop.
  3187 | D:4      | Found Aguxkav's Antique Weapon Emporium.
  3205 | D:4      | Reached XP level 6. HP: 44/44 MP: 4/13
  3290 | D:4      | Reached skill level 5 in Dodging
  3394 | D:4      | Reached skill level 2 in Long Blades
  3534 | D:4      | Found a bloodstained altar of Trog.
  3576 | D:4      | Reached XP level 7. HP: 50/50 MP: 7/15
  4242 | D:5      | Entered Level 5 of the Dungeon
  4354 | D:5      | Noticed Edmund
  4367 | D:5      | Killed Edmund
  4368 | D:5      | Reached skill level 5 in Stealth
  4596 | D:5      | Found Besoq's Tiny Tomes.
  4668 | D:5      | Reached skill level 3 in Long Blades
  4668 | D:5      | Reached XP level 8. HP: 58/58 MP: 7/16
  5038 | D:5      | Noticed Duvessa
  5041 | D:5      | Noticed Dowan
  5048 | D:5      | Killed Duvessa
  5049 | D:5      | Killed Dowan
  5188 | D:5      | Noticed Blork the orc
  5196 | D:5      | Killed Blork the orc
  5363 | D:5      | Found a shimmering blue altar of Sif Muna.
  5459 | D:5      | Found a staircase to the Ecumenical Temple.
  5468 | Temple   | Entered the Ecumenical Temple
  5673 | Temple   | Became a worshipper of Cheibriados the Contemplative
  5984 | D:5      | Noticed Ijyb
  5995 | D:5      | Killed Ijyb
  6038 | D:5      | Found a burning altar of Makhleb.
  6043 | D:5      | Found a glowing golden altar of the Shining One.
  6044 | D:5      | Found a hazy altar of Hepliaklqana.
  6044 | D:5      | Found a stormy altar of Qazlal.
  6300 | D:6      | Learned a level 3 spell: Mephitic Cloud
  6312 | D:6      | Learned a level 4 spell: Olgreb's Toxic Radiance
  6523 | D:6      | Reached XP level 9. HP: 65/65 MP: 16/18
  6556 | D:6      | Reached skill level 4 in Long Blades
  7185 | D:6      | Reached * piety under Cheibriados
  7357 | D:4      | Bought a +4 ring of protection for 360 gold pieces
  7469 | D:6      | Found a hide-covered altar of Uskayaw.
  7712 | D:7      | Found an opulent altar of Gozag.
  8101 | D:7      | Learned a level 3 spell: Ignite Poison
  8148 | D:7      | Reached skill level 5 in Invocations
  8200 | D:7      | Noticed Joseph
  8205 | D:7      | Killed Joseph
  8756 | D:7      | Noticed Pikel
  8760 | D:7      | Killed Pikel
  8761 | D:7      | Reached skill level 5 in Fighting
  8761 | D:7      | Reached skill level 5 in Short Blades
  8761 | D:7      | Reached skill level 5 in Long Blades
  8761 | D:7      | Reached skill level 5 in Axes
  8761 | D:7      | Reached skill level 5 in Maces & Flails
  8761 | D:7      | Reached skill level 5 in Polearms
  8761 | D:7      | Reached skill level 5 in Staves
  8761 | D:7      | Reached skill level 5 in Ranged Weapons
  8761 | D:7      | Reached skill level 5 in Throwing
  8761 | D:7      | Reached skill level 5 in Armour
  8761 | D:7      | Reached skill level 5 in Shields
  8761 | D:7      | Reached skill level 5 in Unarmed Combat
  8761 | D:7      | Reached skill level 5 in Evocations
  8761 | D:7      | Reached XP level 10. HP: 74/74 MP: 12/20
  8847 | D:8      | Reached ** piety under Cheibriados
  9116 | D:8      | Identified the ring of Panentheism {*Corrode +Blink rPois
                  | rF+ rC+++}
  9201 | D:8      | Reached skill level 5 in Transmutations
  9307 | D:8      | Found a shadowy altar of Dithmenos.
  9668 | D:9      | Reached *** piety under Cheibriados
  9772 | D:9      | Identified the +0 leather armour of Bokkunwefiech {Will++
                  | rCorr}
  9815 | D:9      | Reached skill level 6 in Long Blades
  9895 | D:9      | Reached skill level 5 in Conjurations
  9895 | D:9      | Reached skill level 5 in Hexes
  9895 | D:9      | Reached skill level 5 in Summonings
  9895 | D:9      | Reached skill level 5 in Necromancy
  9895 | D:9      | Reached skill level 5 in Translocations
  9895 | D:9      | Reached skill level 5 in Fire Magic
  9895 | D:9      | Reached skill level 5 in Ice Magic
  9895 | D:9      | Reached skill level 5 in Air Magic
  9895 | D:9      | Reached skill level 5 in Earth Magic
 10032 | D:9      | Reached XP level 11. HP: 81/81 MP: 17/22
 10291 | D:9      | Found a staircase to the Orcish Mines.
 10393 | D:9      | Identified the +6 lajatang of Pisaem {freeze, rPois rF+++
                  | Str-2 SInv}
 10404 | D:9      | Found a hide-covered altar of Uskayaw.
 10430 | D:9      | Reached **** piety under Cheibriados
 10827 | D:9      | Reached ***** piety under Cheibriados
 11512 | D:9      | Noticed a two-headed ogre
 11516 | D:9      | Killed a two-headed ogre
 11824 | D:9      | Learned a level 4 spell: Leda's Liquefaction
 11858 | D:10     | Entered Level 10 of the Dungeon
 11929 | D:10     | Noticed an obsidian statue
 11939 | D:10     | Found a runed translucent gate.
 11939 | D:10     | Found a runed translucent gate.
 11940 | D:10     | Found a runed translucent gate.
 12007 | D:10     | Reached skill level 7 in Long Blades
 12153 | D:10     | Learned a level 3 spell: Tukima's Dance
 12159 | D:10     | Learned a level 5 spell: Yara's Violent Unravelling
 12384 | D:10     | Noticed bairyn's ghost (journeyman DESu)
 12385 | D:10     | Noticed Cheops's ghost (novice NaIE)
 12497 | D:10     | Found a basalt altar of Yredelemnul.
 12758 | D:10     | Reached XP level 12. HP: 91/91 MP: 24/24
 13032 | D:3      | Killed KittyFluff's ghost
 13272 | Orc:1    | Entered Level 1 of the Orcish Mines
 13336 | Orc:1    | Noticed an orc warlord
 13344 | Orc:1    | Killed an orc warlord
 13853 | Orc:1    | You are sucked into a shaft and drop 1 floor!
 13853 | Orc:2    | Entered Level 2 of the Orcish Mines
 13996 | Orc:1    | Reached ****** piety under Cheibriados
 14390 | Orc:2    | Noticed an orc warlord
 14395 | Orc:2    | Noticed an orc high priest
 14399 | Orc:2    | Killed an orc high priest
 14410 | Orc:2    | Killed an orc warlord
 14411 | Orc:2    | Reached skill level 8 in Long Blades
 14518 | Orc:2    | Reached XP level 13. HP: 78/98 MP: 14/26
 14632 | Orc:2    | Found Katzerr's General Store.
 14645 | Orc:2    | Bought a scroll of teleportation for 45 gold pieces
 14663 | Orc:2    | Found Masestuwn's Jewellery Shop.
 14834 | Orc:2    | Found a staircase to the Elven Halls.
 14995 | Orc:2    | Found Ataokla's Antique Armour Shop.
 15009 | Orc:2    | Found Zaiv's Antique Weapon Shop.
 15119 | Orc:2    | Bought a scroll of magic mapping for 112 gold pieces
 15122 | Orc:2    | Bought the amulet of Mistrust {+Blink Regen+} for 660 gold
                  | pieces
 15170 | Elf:1    | Entered Level 1 of the Elven Halls
 15217 | Elf:1    | Paralysed by an air elemental for 1 turns
 15223 | Elf:1    | Paralysed by an air elemental for 1 turns
 15499 | D:11     | Identified the +3 rapier of the Eternal Void {drain, rPois
                  | rF+ Str+3 Int-2}
 15728 | D:5      | Bought the Vademecum on Despair for 110 gold pieces
 15733 | D:5      | Learned a level 4 spell: Dispel Undead
 15877 | D:10     | Killed Cheops's ghost
 15882 | D:10     | Killed bairyn's ghost
 15997 | D:11     | Reached skill level 10 in Spellcasting
 16062 | D:11     | Identified the +1 quarterstaff of Tumult {antimagic, rPois
                  | rCorr}
 16071 | D:11     | Noticed Erica
 16082 | D:11     | Killed Erica
 16289 | D:11     | Found a staircase to the Lair.
 16689 | Lair:1   | Entered Level 1 of the Lair of Beasts
 16714 | Lair:1   | Reached skill level 9 in Long Blades
 16732 | Lair:1   | Found a dark tunnel.
 16739 | Lair:1   | Reached skill level 10 in Dodging
 16751 | Volcano  | Entered a volcano
 16885 | Volcano  | Reached skill level 10 in Stealth
 17914 | Lair:2   | Reached XP level 14. HP: 108/108 MP: 21/28
 17917 | Lair:2   | Reached skill level 10 in Invocations
 17948 | Lair:2   | Found a frozen archway.
 17958 | IceCv    | Entered an ice cave
 17988 | IceCv    | Found the +4 skin of Zhor {*Englaciate rC+++ SInv}
 18051 | IceCv    | Identified the amulet of Ulococ {RegenMP rC+ rCorr Str+2
                  | Dex+2 Slay-6}
 18092 | IceCv    | Reached skill level 10 in Long Blades
 18569 | IceCv    | Noticed a frost giant
 18578 | IceCv    | Killed a frost giant
 19063 | Lair:2   | Found a snail-covered altar of Cheibriados.
 19303 | Lair:2   | Found a staircase to the Snake Pit.
 19889 | Lair:3   | Reached skill level 11 in Long Blades
 19925 | Lair:3   | Reached skill level 10 in Poison Magic
 20109 | Lair:3   | Found a staircase to the Swamp.
 20284 | Lair:3   | Reached skill level 10 in Fighting
 20284 | Lair:3   | Reached skill level 10 in Short Blades
 20284 | Lair:3   | Reached skill level 10 in Axes
 20284 | Lair:3   | Reached skill level 10 in Maces & Flails
 20284 | Lair:3   | Reached skill level 10 in Polearms
 20284 | Lair:3   | Reached skill level 10 in Staves
 20284 | Lair:3   | Reached skill level 10 in Ranged Weapons
 20284 | Lair:3   | Reached skill level 10 in Throwing
 20284 | Lair:3   | Reached skill level 10 in Armour
 20284 | Lair:3   | Reached skill level 10 in Shields
 20284 | Lair:3   | Reached skill level 10 in Unarmed Combat
 20284 | Lair:3   | Reached skill level 10 in Evocations
 20785 | Lair:4   | Learned a level 2 spell: Blink
 20799 | Lair:4   | You are sucked into a shaft and drop 1 floor!
 20799 | Lair:5   | Entered Level 5 of the Lair of Beasts
 20811 | Lair:5   | Reached XP level 15. HP: 107/115 MP: 19/30
 21122 | Lair:4   | Found a viscous altar of Jiyva.
 21122 | Lair:4   | Found a staircase to the Slime Pits.
 22134 | Lair:5   | Reached skill level 12 in Long Blades
 22775 | Lair:5   | Found a corrupted altar of Lugonu.
 22777 | Lair:5   | Found a one-way gate to the infinite horrors of the Abyss.
 22793 | Lair:5   | Identified the +1 halberd "Tumuapas" {drain, SInv}
 24056 | D:12     | Learned a level 5 spell: Freezing Cloud
 24639 | D:13     | Identified the +9 quarterstaff of Cutrut {protect, rN+
                  | Dex+3}
 24689 | D:13     | Identified the +5 short sword "Backscratcher" {freeze, rF+
                  | Int+3}
 24796 | D:13     | Got the Reference Book on the Cemetery and Direction
 25132 | D:13     | Found a gate to the Vaults.
 25160 | D:13     | Reached XP level 16. HP: 62/124 MP: 7/32
 25406 | D:13     | Identified the +6 falchion of Sarauck {drain, Dex+2}
 25784 | D:14     | Noticed Rupert
 25797 | D:14     | Killed Rupert
 25798 | D:14     | Reached skill level 13 in Long Blades
 26266 | D:14     | Found Mede's Distillery.
 26372 | D:14     | Bought a potion of heal wounds for 80 gold pieces
 26372 | D:14     | Bought a potion of cancellation for 128 gold pieces
 26552 | D:15     | Entered Level 15 of the Dungeon
 26609 | D:15     | Noticed a sphinx
 26619 | D:15     | Killed a sphinx
 26798 | D:15     | Identified the +6 morningstar of Sin {heavy, rC+}
 26968 | D:15     | Found Ruenlu's Jewellery Boutique.
 27624 | D:15     | Reached skill level 10 in Transmutations
 27669 | D:15     | Noticed a fenstrider witch
 27670 | D:15     | a fenstrider witch changed into a sphinx
 27670 | D:15     | Noticed a sphinx (glowing shapeshifter)
 27673 | D:15     | a sphinx changed into a storm dragon
 27673 | D:15     | Noticed a storm dragon (glowing shapeshifter)
 27674 | D:15     | a storm dragon changed into an azure jelly
 27674 | D:15     | Noticed an azure jelly (glowing shapeshifter)
 27827 | D:15     | Found a staircase to the Depths.
 28170 | D:15     | jfcaron: ??order
 28170 | D:15     | beem: hyperelliptic[1/2]: D:11 -> Lair -> D:12 -> Orc ->
                  | D:15 -> S:3 -> maybe other S:3 -> get both S runes -> maybe
                  | Elf (but not the Elf:3 vault) -> Vaults:4 -> maybe Crypt ->
                  | Depths:4 -> Vaults:5 -> maybe Slime -> Zot ("S" means
                  | Shoals/Snake/Spider/Swamp)
 28176 | D:15     | Learned a level 5 spell: Borgnjor's Vile Clutch
 28309 | Snake:1  | Entered Level 1 of the Snake Pit
 28527 | Snake:1  | Reached skill level 14 in Long Blades
 28561 | Snake:1  | Reached XP level 17. HP: 133/133 MP: 21/33
 29194 | Snake:1  | Reached skill level 10 in Conjurations
 29194 | Snake:1  | Reached skill level 10 in Hexes
 29194 | Snake:1  | Reached skill level 10 in Summonings
 29194 | Snake:1  | Reached skill level 10 in Necromancy
 29194 | Snake:1  | Reached skill level 10 in Translocations
 29194 | Snake:1  | Reached skill level 10 in Fire Magic
 29194 | Snake:1  | Reached skill level 10 in Ice Magic
 29194 | Snake:1  | Reached skill level 10 in Air Magic
 29194 | Snake:1  | Reached skill level 10 in Earth Magic
 29978 | Snake:2  | Noticed Frances
 29988 | Snake:2  | Killed Frances
 30888 | Snake:3  | Found Onopt's Book Shoppe.
 31571 | Snake:4  | Entered Level 4 of the Snake Pit
 31605 | Snake:4  | Reached skill level 15 in Long Blades
 32397 | Snake:4  | Reached XP level 18. HP: 141/141 MP: 35/35
 32810 | Snake:4  | Got a serpentine rune of Zot
 32882 | Snake:4  | Identified the +1 scale mail of the Echidna {rElec rC-
                  | rCorr}
 33541 | Swamp:1  | Entered Level 1 of the Swamp
 33832 | Swamp:1  | Identified Roxanne's Vellum of Scree
 33832 | Swamp:1  | Noticed Roxanne
 34439 | Swamp:2  | Noticed Kirke
 34446 | Swamp:2  | Killed Kirke
 34463 | Swamp:2  | Reached skill level 16 in Long Blades
 34566 | Swamp:2  | Noticed Aizul
 34573 | Swamp:2  | Killed Aizul
 34890 | Swamp:2  | Noticed a tentacled monstrosity
 34900 | Swamp:2  | Killed a tentacled monstrosity
 36756 | Swamp:4  | Entered Level 4 of the Swamp
 36912 | Swamp:4  | Reached XP level 19. HP: 124/149 MP: 27/37
 37127 | Swamp:4  | Identified the +8 battleaxe "Qihoerua" {flame, Int+3}
 37714 | Swamp:4  | Noticed a tentacled monstrosity
 37714 | Swamp:4  | Noticed a tentacled monstrosity
 37721 | Swamp:4  | Killed a tentacled monstrosity
 37722 | Swamp:4  | Killed a tentacled monstrosity
 38149 | Swamp:4  | Got a decaying rune of Zot
 38485 | Swamp:4  | Learned a level 6 spell: Iron Shot
 38540 | Swamp:1  | Killed Roxanne
 38965 | Vaults:1 | Entered Level 1 of the Vaults
 38991 | Vaults:1 | Reached skill level 17 in Long Blades
 39066 | Vaults:1 | Found Cathuut's General Store.
 39077 | Vaults:1 | HP: 22/151 [ironbound thunderhulk/bolt of lightning (64)]
 39106 | Vaults:1 | Found a glowing golden altar of the Shining One.
 39112 | Vaults:1 | Found a crumbling gateway.
 39132 | Vaults:1 | Found a glowing silver altar of Zin.
 39132 | Vaults:1 | Found a white marble altar of Elyvilon.
 39151 | Desolati | Entered the Desolation of Salt
 39309 | Desolati | Reached skill level 15 in Invocations
 39342 | Desolati | HP: 29/151 [saltling (10)]
 39342 | Desolati | HP: 14/151 [peacekeeper (15)]
 39886 | Desolati | Reached XP level 20. HP: 158/158 MP: 28/38
 40082 | Desolati | Identified the +5 scale mail "Epnireiph" {Str+4}
 40111 | Desolati | Identified the +3 chain mail of the Meager Sunfish {*Slow
                  | rElec Dex+4}
 40122 | Desolati | Identified the +4 war axe of Ocikhlao {elec, rElec Will-
                  | Str+2}
 40155 | Desolati | Identified the +0 robe of the Lion {rElec rC+}
 40372 | Desolati | Identified the +0 fire dragon scales of the Slightly Bent
                  | {Rampage rElec rF++ rC- Int-2 Stlth+}
 40372 | Desolati | Identified the amulet "Xumocaps" {Reflect Dex+3 SH+5}
 40393 | Desolati | Identified the staff of cold "Vianna" {rC+ Int+2}
 40406 | Desolati | Found the +6 lightning scales {swift, rElec}
 40608 | Desolati | Identified the +5 rapier "Wufuaddi" {elec, rN+ SInv}
 40614 | Desolati | Identified the amulet "Giorar" {Spirit Fly rN+ Dex+4
                  | Slay-3}
 41017 | Vaults:1 | Bought a potion of brilliance for 68 gold pieces
 41017 | Vaults:1 | Bought a potion of mutation for 136 gold pieces
 41017 | Vaults:1 | Bought a potion of magic for 136 gold pieces
 41017 | Vaults:1 | Bought a scroll of immolation for 68 gold pieces
 41878 | Vaults:1 | Reached skill level 15 in Spellcasting
 41968 | Vaults:1 | Noticed Donald
 41974 | Vaults:1 | Killed Donald
 42109 | Vaults:1 | Reached skill level 18 in Long Blades
 42486 | Vaults:1 | Noticed Nikola
 42498 | Vaults:1 | Killed Nikola
 42499 | Vaults:1 | Reached skill level 15 in Dodging
 43263 | Vaults:2 | Reached skill level 15 in Stealth
 43465 | Vaults:2 | Reached skill level 15 in Axes
 44236 | Vaults:2 | Reached XP level 21. HP: 166/166 MP: 26/40
 44578 | Vaults:2 | Found Plog's Magic Scroll Shoppe.
 44581 | Vaults:2 | Bought a scroll of fear for 48 gold pieces
 44581 | Vaults:2 | Bought a scroll of fog for 48 gold pieces
 44581 | Vaults:2 | Bought a scroll of enchant armour for 90 gold pieces
 44581 | Vaults:2 | Bought a scroll of teleportation for 36 gold pieces
 44581 | Vaults:2 | Bought a scroll of magic mapping for 90 gold pieces
 45494 | Vaults:3 | Found Covelacu's Antique Armour Emporium.
 45497 | Vaults:3 | Found a staircase to the Crypt.
 45502 | Vaults:3 | Bought a pair of embroidered boots for 135 gold pieces
 46647 | Vaults:3 | Reached skill level 19 in Long Blades
 47413 | Vaults:3 | Reached skill level 15 in Fighting
 47413 | Vaults:3 | Reached skill level 15 in Short Blades
 47413 | Vaults:3 | Reached skill level 15 in Maces & Flails
 47413 | Vaults:3 | Reached skill level 15 in Polearms
 47413 | Vaults:3 | Reached skill level 15 in Staves
 47413 | Vaults:3 | Reached skill level 15 in Ranged Weapons
 47413 | Vaults:3 | Reached skill level 15 in Throwing
 47413 | Vaults:3 | Reached skill level 15 in Armour
 47413 | Vaults:3 | Reached skill level 15 in Shields
 47413 | Vaults:3 | Reached skill level 15 in Unarmed Combat
 47413 | Vaults:3 | Reached skill level 15 in Evocations
 47892 | Vaults:3 | Bought a faintly humming scale mail for 162 gold pieces
 47892 | Vaults:3 | Identified the +1 scale mail of Hose {Rampage rF- Str+5
                  | Dex+3} (You bought it in a shop on level 3 of the Vaults)
 48283 | Vaults:4 | Found Oseoguq's Antique Armour Shoppe.
 48288 | Vaults:4 | Bought a pair of glowing boots for 330 gold pieces
 48862 | Vaults:4 | Found Ilumiu's Distillery.
 48894 | Vaults:4 | Bought a potion of heal wounds for 80 gold pieces
 48894 | Vaults:4 | Bought a potion of heal wounds for 80 gold pieces
 48894 | Vaults:4 | Bought 2 potions of heal wounds for 160 gold pieces
 48894 | Vaults:4 | Bought a potion of magic for 128 gold pieces
 48894 | Vaults:4 | Bought a potion of curing for 48 gold pieces
 49368 | Vaults:4 | Reached XP level 22. HP: 164/175 MP: 10/42
 50239 | Vaults:4 | jfcaron: ??order
 50239 | Vaults:4 | beem: hyperelliptic[1/2]: D:11 -> Lair -> D:12 -> Orc ->
                  | D:15 -> S:3 -> maybe other S:3 -> get both S runes -> maybe
                  | Elf (but not the Elf:3 vault) -> Vaults:4 -> maybe Crypt ->
                  | Depths:4 -> Vaults:5 -> maybe Slime -> Zot ("S" means
                  | Shoals/Snake/Spider/Swamp)
 50248 | Vaults:4 | Learned a level 6 spell: Statue Form
 50439 | Vaults:2 | Bought a scroll of amnesia for 48 gold pieces
 51460 | Elf:1    | Identified the +11 long sword "Yffeom" {flame, rF+}
 51493 | Elf:1    | Learned a level 6 spell: Conjure Ball Lightning
 52996 | Elf:2    | Noticed Louise
 53002 | Elf:2    | Killed Louise
 53375 | Elf:2    | Found Kyijyaw's Jewellery Boutique.
 53477 | Elf:2    | Reached skill level 20 in Long Blades
 53612 | Elf:2    | Found a runed translucent gate.
 53613 | Elf:2    | Found a runed translucent gate.
 53613 | Elf:2    | Found a runed translucent gate.
 54716 | Elf:3    | Entered Level 3 of the Elven Halls
 55137 | Elf:3    | Found Dodymo's Jewellery Emporium.
 55455 | Elf:3    | Identified the ring of Kapirul {*Corrode rN+ Dex+6 SInv}
 55455 | Elf:3    | Identified the +9 dagger of the Shark {speed, *Rage Will+++
                  | Str-2 SInv}
 55457 | Elf:3    | Identified the +4 great sword of Karma {freeze, rCorr Int+3
                  | Dex+2}
 55498 | Elf:3    | Reached XP level 23. HP: 174/183 MP: 19/43
 55499 | Elf:3    | Identified the +0 robe of the Moon Troll {Str+4 Dex+2}
 55499 | Elf:3    | Identified the amulet of Firakh {Acrobat +Blink Str+2 Int-2
                  | Dex+5}
 55682 | Elf:3    | Identified the +2 great mace of Jilleena {chaos, rElec}
 55685 | Elf:3    | Identified the +2 robe of Tomorrow {+Blink}
 55694 | Elf:3    | Identified the amulet of Xom's Best Wishes {Will+ Regen+}
 55911 | Elf:3    | jfcaron: ??Condemnation
 55911 | Elf:3    | beem: condemnation[1/1]: Unrand trishula that inflicts
                  | {anguish} on hit. New in 0.29. 🐸👼
 55911 | Elf:3    | jfcaron: ??anguish
 55911 | Elf:3    | beem: anguish[1/1]: L4 Hex/Necro spell that affects all
                  | non-mindless enemies in LOS. On a successful Will check,
                  | victims get 'anguish' status, which causes them to recieve
                  | the damage they deal for its duration. Necromantic
                  | vengeance... New in 0.28.
 55940 | Elf:3    | jfcaron: ??Arc blade
 55940 | Elf:3    | beem: arc blade[1/3]: A +4 rapier with rElec that
                  | repeatedly applies arcs from {static discharge} on the
                  | defender, doing extremely high damage. In 0.23, changed to
                  | be +8 and to cast static discharge normally, but at
                  | spellpower well over the usual cap of 100. Now does
                  | excellent but less insane damage.
 56004 | Elf:3    | Identified the +1 spear "Jovuy" {freeze, rF+}
 56010 | Elf:3    | Identified the +5 shortbow of Ugoufrut {flame, rN+ SInv}
 56020 | Elf:3    | Identified the staff of conjuration "Nufath" {rCorr MP+9
                  | Dex+3}
 56021 | Elf:3    | Identified the +1 mace of Compound Interest {vamp, rPois}
 56030 | Elf:3    | Identified the staff of earth "Oxoylod" {Fly rF- Will+
                  | Str+2}
 56032 | Elf:3    | Got Ysuej's Dissertation on Fiery Assaults
 56911 | Crypt:1  | Entered Level 1 of the Crypt
 57711 | Crypt:1  | You are sucked into a shaft and drop 1 floor!
 58055 | Crypt:2  | Reached skill level 21 in Long Blades
 58789 | Crypt:3  | Entered Level 3 of the Crypt
 59381 | Crypt:3  | Noticed Jory
 59388 | Crypt:3  | Killed Jory
 59389 | Crypt:3  | Reached skill level 15 in Poison Magic
 59686 | Crypt:3  | Reached XP level 24. HP: 193/193 MP: 44/44
 60249 | Crypt:3  | Found a staircase to the Tomb.
 60591 | Crypt:3  | Got Goto's Reference Book on Mutable Cryomancy
 60593 | Crypt:3  | Identified the +0 cloak of the Turtle {rF+ Regen+ Str+3}
 60685 | Crypt:3  | Identified the ring "Elawyofe" {Contam Will+ rCorr Str+4
                  | SInv}
 60695 | Crypt:3  | Got the Cyclopedia of the Undead
 60950 | Depths:1 | Entered Level 1 of the Depths
 62564 | Depths:1 | Found a gateway to Hell.
 64108 | Depths:2 | Reached skill level 22 in Long Blades
 64135 | Depths:2 | Found Huitideb's Book Shoppe.
 64137 | Depths:2 | Found Uffineg's Jewellery Shop.
 64140 | Depths:2 | Found Ceagerch's Book Shoppe.
 64161 | Depths:2 | Found a one-way gateway to a ziggurat.
 64163 | Depths:2 | Found a one-way gate leading to the halls of Pandemonium.
 64948 | Depths:3 | Reached XP level 25. HP: 201/201 MP: 2/44
 65827 | Depths:3 | Reached skill level 15 in Transmutations
 66011 | Depths:3 | Noticed a juggernaut
 66012 | Depths:3 | Found a runed translucent door.
 66156 | Depths:3 | Identified the +1 leather armour of Lumidom {Str+4 Slay+2}
 66157 | Depths:3 | Identified the staff of death "Difriapp" {rN+ Str+5}
 66432 | Depths:3 | Killed a juggernaut
 66491 | Depths:4 | Entered Level 4 of the Depths
 66659 | Depths:4 | Found a gate to the Realm of Zot.
 66816 | Depths:4 | Reached skill level 15 in Conjurations
 66816 | Depths:4 | Reached skill level 15 in Hexes
 66816 | Depths:4 | Reached skill level 15 in Summonings
 66816 | Depths:4 | Reached skill level 15 in Necromancy
 66816 | Depths:4 | Reached skill level 15 in Translocations
 66816 | Depths:4 | Reached skill level 15 in Fire Magic
 66816 | Depths:4 | Reached skill level 15 in Ice Magic
 66816 | Depths:4 | Reached skill level 15 in Air Magic
 66816 | Depths:4 | Reached skill level 15 in Earth Magic
 67252 | Depths:4 | Found a blossoming altar of Fedhas.
 67627 | Depths:4 | Noticed Saint Roka
 67634 | Depths:4 | Killed Saint Roka
 68200 | Orc:2    | Bought a potion of brilliance for 60 gold pieces
 68968 | Slime:1  | Entered Level 1 of the Pits of Slime
 69000 | Slime:1  | Reached skill level 23 in Long Blades
 69430 | Slime:5  | Entered Level 5 of the Pits of Slime
 69445 | Slime:5  | Noticed the Royal Jelly
 69463 | Slime:5  | Killed the Royal Jelly
 69665 | Slime:5  | Found the +8 whip "Snakebite" {venom, curare, rPois}
 69665 | Slime:5  | Found the +18 shield of the Gong {Loud rN+ Will+ rCorr
                  | EV-5}
 69679 | Slime:5  | Got a slimy rune of Zot
 69680 | Slime:5  | Identified the ring "Umimoeci" {rN+ rCorr Str+2 Dex+6}
 69701 | Slime:5  | Got the Handbook of Company
 69736 | Slime:5  | Identified the +7 battleaxe "Remmoato" {distort, Dex+3}
 69744 | Slime:5  | Identified the +1 hand axe of Armageddon {elec, rC+ Str+5}
 69764 | Slime:5  | Identified a scroll of acquirement
 69804 | Slime:5  | Acquired 428 gold pieces
 69875 | Slime:5  | Reached XP level 26. HP: 211/211 MP: 28/45
 70416 | Hell     | Entered the Vestibule of Hell
 70416 | Hell     | Noticed Geryon
 70425 | Hell     | Killed Geryon
 71204 | Hell     | Found a gateway to the ashen valley of Gehenna.
 71241 | Hell     | Found a gateway to the decaying netherworld of Tartarus.
 71347 | Hell     | Found a gateway to the freezing wastes of Cocytus.
 71417 | Hell     | Found a gateway to the Iron City of Dis.
 71810 | Vaults:5 | Entered Level 5 of the Vaults
 71842 | Vaults:5 | Noticed a dread lich
 71845 | Vaults:5 | Noticed a dread lich
 71855 | Vaults:5 | Noticed an ancient lich
 71858 | Vaults:5 | Killed a dread lich
 71858 | Vaults:5 | HP: 48/275 [ghostly storm dragon/bolt of lightning (8)]
 72005 | Vaults:5 | Identified the ring of the Bespelled Plum {rCorr EV+5 Int-5
                  | Dex+9 Slay-4}
 72039 | Vaults:5 | Identified the +9 rapier of the Hurting Enemy {flame, Str+3
                  | Int+3}
 72161 | Vaults:5 | Identified the ring "Kyaculi" {rC+ Str+4}
 72203 | Vaults:5 | Identified the +3 leather armour "Qeni" {rCorr MP-9 Dex+3}
 72975 | Slime:5  | Gained mutation: You are frail. (-10% HP) [a shining eye]
 73422 | Vaults:5 | Identified the ring of Jorgham {Str+3 Dex+3 SInv}
 73437 | Vaults:5 | Identified the +6 lajatang of Eqirr {speed, rElec Stlth+}
 73439 | Vaults:5 | Killed an ancient lich
 73480 | Vaults:4 | Acquired the +2 pair of gloves "Gofriusaen" {+Blink}
 73948 | Vaults:5 | Killed a dread lich
 74018 | Vaults:5 | Reached XP level 27. HP: 197/197 MP: 40/46
 74281 | Vaults:5 | Found Kinaex's Armour Shoppe.
 74286 | Vaults:5 | Identified the staff of air "Jiddarupt" {Fly rElec}
 74431 | Vaults:5 | Identified the +5 falchion "Uraahecu" {speed, rPois Str-3
                  | Dex+6}
 74433 | Vaults:5 | Identified the +4 whip "Zidun" {freeze, +Blink rF+ Will+
                  | Dex-3}
 74442 | Vaults:5 | Identified the +5 scale mail of a bailey {Slay+4}
 74503 | Vaults:5 | Reached skill level 24 in Long Blades
 74551 | Vaults:5 | Identified the +1 rapier of Slime {freeze, Str+4 Int+5}
 74560 | Vaults:5 | Identified the staff of death "Kurchuc" {rF+ rN+}
 74625 | Vaults:5 | Identified the staff of death "Peulaw" {rPois rN+ MP+9
                  | Stlth+}
 74684 | Vaults:5 | Got a silver rune of Zot
 74685 | Vaults:5 | Identified the scarf "Jebbogahu" {harm, -Tele rElec Str+3}
 74692 | Vaults:5 | jfcaron: ??greatspecies
 74692 | Vaults:5 | beem: I don't have a page labeled greatspecies in my
                  | learndb.
 74692 | Vaults:5 | jfcaron: ??greatrace
 74692 | Vaults:5 | beem: greatrace[1/3]: Ce: rast, elliptic
                  | DD: WalkerBoh,
                  | elliptic, rast, qw
                  | DE: elliptic, johnnyzero
                  | Dg: bmfx,
                  | clouded, minmay, Lasty, elliptic
                  | Dj: causative
                  | Dr:
                  | eeviac, bmfx, Sharkman1231, Lasty, elliptic
                  | Ds: elliptic,
                  | Vizer, simm, bmfx, HDA, Sharkman1231, surr, minqmay,
                  | MorganLeah, Lasty, ManMan, WiseWolf
                  | Fe: madreisz,
                  | FelidMasterRace, elliptic, causative
                  | Fo: HDA
 74692 | Vaults:5 | jfcaron: ??great
 74692 | Vaults:5 | beem: I don't have a page labeled great in my learndb.
 75355 | D:15     | Learned a level 2 spell: Passwall
 75358 | D:15     | Learned a level 2 spell: Wereblood
 75378 | D:15     | Learned a level 7 spell: Orb of Destruction
 75546 | Zig:1    | Entered Level 1 of a ziggurat
 75718 | Zig:2    | Entered Level 2 of a ziggurat
 75745 | Zig:3    | Entered Level 3 of a ziggurat
 75748 | Zig:3    | Noticed Ulunnev the pandemonium lord
 75754 | Zig:3    | Killed Ulunnev the pandemonium lord
 75754 | Zig:3    | HP: 49/256 [spore (9)]
 75754 | Zig:3    | HP: 12/256 [spore (20)]
 75755 | Zig:3    | HP: 3/256 [spore (18)]
 75755 | Zig:3    | Killed by an exploding ball lightning

Illustrated notes

Levels and vault maps discovered:
D:1:      dpeg_arrival_yet_another_circle, layout_basic,
          shapermc_ecumenical_altar_totnotflames, minmay_hedge_maze
D:2:      layout_rooms, basic_altar, amcnicky_mini_pool_small,
          serial_bayou_pond_c
D:3:      layout_basic, ebering_ghost_sewer_f
D:4:      layout_loops_ring, trog_three_pillars_becter, serial_shops, shop,
          shop, shop, minmay_crossroads
D:5:      layout_loops_ring, minitemple, tgw_sif, lemuel_temple_firewalk_b,
          nicolae_shop_i_like_small_books_too, chequers_jeans, uniq_edmund,
          uniq_ijyb, uniq_duvessa, uniq_blork_the_orc
D:6:      layout_basic, nicolae_uskayaw_dance_hall
D:7:      layout_basic, mainiacjoe_overflow_small_starburst,
          david_defended_altar_orc, uniq_joseph, uniq_pikel
D:8:      layout_rooms, nicolae_dithmenos_the_darkroom, minmay_quadrilaterals
D:9:      kennysheep_town
D:10:     layout_basic, yredelemnul_forgotten_temple_becter,
          gammafunk_ghost_cemetery, nicolae_concentric_dashed_squares_wild,
          chequers_serial_rivers_room_b, interstate_on_off, minivault_16,
          nicolae_titane
D:11:     layout_long_grid, erik_lair_island, uniq_erica
D:12:     layout_loops_ring, minmay_fountain_box
D:13:     layout_gridville, erik_vaults_1, special_room [special_room_orc],
          minmay_lizard_king
D:14:     layout_basic, kennysheep_cluttered_room, nicolae_inconvenience_store,
          minmay_misc_feat_diagonals, uniq_rupert
D:15:     gammafunk_enter_depths_forms, layout_basic,
          hellmonk_bongcloud_opening, serial_shops, nicolae_shop_statue_plus,
          serial_bayou_pond_c, minmay_checkered_concentric_circles
Temple:   nicolae_temple_bog_church
Lair:1:   layout_small_grid, nicolae_volcano_entry_vermiform,
          lemuel_fruit_fields
Lair:2:   layout_gridlike, minmay_snake_entry_guardpost_small, basic_altar,
          portal_ice_cave_entry_pillars_1
Lair:3:   layout_roguey [special_room_bee], minmay_swamp_entry_reptiles,
          st_stairs_7, beast_lair_carwin_8
Lair:4:   layout_cave_pods, slime_entry_1
Lair:5:   hellmonk_lair_end_abyssal_woods, layout_loops_ring,
          serial_bayou_shore_a
Swamp:1:  layout_basic_swamp, evilmike_swamp_ruin_house_4, swamp_pool4,
          uniq_roxanne
Swamp:2:  layout_falls_marsh, hangedman_swamp_lotus, uniq_kirke, uniq_aizul
Swamp:3:  nicolae_swamp_long_stream, layout_basic_swamp,
          hangedman_swamp_ruin_wall, infiniplex_staircase_pool_2
Swamp:4:  nzn_swamp_witches_coven, layout_basic_swamp, infiniplex_staircase_pool
Snake:1:  nrook_guardian_serpent_snake_passage, layout_rooms
Snake:2:  layout_layer_cave, grunt_megastairs_3, uniq_frances
Snake:3:  layout_onion, nicolae_snake_squiggles, nicolae_take_the_stairs,
          nicolae_snake_gridmaze_waves
Snake:4:  snake_pit, layout_chambers, hangedman_snake_corridor_cut
Slime:1:  layout_caves
Slime:2:  layout_caves
Slime:3:  layout_caves
Slime:4:  layout_caves, cheibrodos_slime_lost_civilization_4
Slime:5
Orc:1:    dreamdust_under_siege, layout_diamond_mine
Orc:2:    grunt_orc_cross, layout_caves, nicolae_orc_rockfall,
          nicolae_orc_crystal_geode
Elf:1:    hangedman_staggered_hall, layout_geoelf_octagon, serial_corexii_hall,
          corexii_hall_statues_x, chequers_hall_statues_corner_a
Elf:2:    nicolae_elf_blades_crystal_corner, layout_onion_city, serial_shops,
          nicolae_shop_trees, kilobyte_mutagenic_chamber, uniq_louise
Elf:3:    elf_hall, layout_onion_city, serial_shops, nicolae_shop_gaudy_bauble
Vaults:1: portal_desolation_entry_holy_temple, hangedman_vaults_variations,
          nicolae_vaults_variable_pillar_hall, v_pattern_4, kb_rosetta,
          v_misc_9, nicolae_vaults_theta, nicolae_vaults_trapezoid_4, v_rooms_6,
          vaults_room_grunt_arrival_ludios, nicolae_vaults_shelves_hall,
          nicolae_vaults_surprise_closet, layout_vaults_omnibox, serial_shops,
          shop, uniq_nikola, uniq_donald
Vaults:2: hangedman_vaults_hat, nicolae_vaults_stairing_the_circle,
          vaults_standard_mumra_x, hangedman_vaults_capsules,
          ontoclasm_vaults_tryst, v_misc_27,
          vaults_standard_mumra_enter_the_diamond, nicolae_vaults_rhombus_6,
          layout_vaults_omnigrid, serial_shops, nicolae_shop_rolled_up
Vaults:3: nicolae_vaults_house_1, nicolae_vaults_storage_room_water,
          nicolae_vaults_network_s, nicolae_vaults_six-pack,
          ontoclasm_vaults_idyll, nicolae_vaults_trapezoid_lopsided_1,
          vaults_mumra_chevron, hangedman_vaults_corner, v_misc_33,
          nicolae_vaults_yaktaur_gun_rack, nicolae_vaults_storage_room_statues,
          nicolae_vaults_trapezoid_lopsided_3, v_misc_32,
          layout_vaults_chaotic_city, serial_shops, shop
Vaults:4: hangedman_vaults_nodes, hangedman_vaults_maws,
          nicolae_vaults_network_quincunx
          [nicolae_vaults_network_quincunx_subvault,
          nicolae_vaults_network_quincunx_subvault,
          nicolae_vaults_network_quincunx_subvault,
          nicolae_vaults_network_quincunx_subvault,
          nicolae_vaults_network_quincunx_subvault], special_room_vaults
          [special_room_orc], v_misc_3, ontoclasm_vaults_twist,
          nicolae_vaults_what_the_h, v_misc_18, vaults_room_mumra_shop_pool,
          layout_vaults_maze_snakey, serial_shops, shop
Vaults:5
Crypt:1:  layout_gridlike
Crypt:2:  layout_basic, skrybe_necro_troll_2
Crypt:3:  due_elkab, layout_chaotic_city
Depths:1: layout_basic, grunt_hell_entry_dis_mu, kennysheep_boxes, minivault_16,
          minmay_gold_behind_fungi, nicolae_benzene_ring, item_on_display_a
Depths:2: kennysheep_four_of_diamonds, layout_gridlike, enter_ziggurat_c,
          pan_entry, hell_entry, minmay_shop_grove
Depths:3: minmay_the_grid_triangle_9x9_rhombus_full_mashed
          [minmay_the_grid_triangle_9x9_intruding_spiral,
          minmay_the_grid_triangle_9x9_subtriangle,
          minmay_the_grid_triangle_9x9_alien,
          minmay_the_grid_triangle_9x9_negative_grid,
          minmay_the_grid_triangle_9x9_checkered,
          minmay_the_grid_triangle_9x9_zippers_horizontal,
          minmay_the_grid_triangle_9x9_warning,
          minmay_the_grid_triangle_9x9_prize_schism], layout_cave_pools,
          chequers_serial_rivers_room_b, hell_entry, abyss_entry,
          hangedman_aviary
Depths:4: grunt_zot_entry_tricorne, layout_gridlike, pan_entry, fedhas_altar_1,
          hell_entry, uniq_jory, uniq_saint_roka
Hell
Zig:3

Skill      XL: |  1  2  3  4  5  6  7  8  9 10 11 12 13 14 15 16 17 18 19 20 21 22 23 24 25 26 27 |
---------------+----------------------------------------------------------------------------------+-----
Transmutations | 2 3 4 5 6 7 8 9 10 11 12 13 14 15 16 | 16.0
Spellcasting   | 5 6 7 8 9 10 11 12 13 14 15 16 17 18 19 | 19.2
Invocations    | 1 2 3 4 5 6 7 8 9 10 11 12 13 14 15 16 17 18 19 20 | 20.1
Fighting       | 1 2 3 5 6 7 8 9 10 11 12 13 14 15 16 17 18 | 18.6
Short Blades   | 1 2 3 5 6 7 8 9 10 11 12 13 14 15 16 17 18 | 18.6
Long Blades    | 1 2 3 5 6 7 8 9 11 12 14 15 16 17 18 19 20 21 22 23 24 | 24.0
Axes           | 1 2 3 5 6 7 8 9 10 11 12 13 15 16 17 18 19 20 22 | 22.1
Maces & Flails | 1 2 3 5 6 7 8 9 10 11 12 13 14 15 16 17 18 | 18.6
Polearms       | 1 2 3 5 6 7 8 9 10 11 12 13 14 15 16 17 18 | 18.6
Staves         | 1 2 3 5 6 7 8 9 10 11 12 13 14 15 16 17 18 | 18.6
Ranged Weapons | 1 2 3 5 6 7 8 9 10 11 12 13 14 15 16 17 18 | 18.6
Throwing       | 1 2 3 5 6 7 8 9 10 11 12 13 14 15 16 17 18 | 18.6
Armour         | 1 2 3 5 6 7 8 9 10 11 12 13 14 15 16 17 18 | 18.6
Shields        | 1 2 3 5 6 7 8 9 10 11 12 13 14 15 16 17 19 | 19.3
Unarmed Combat | 1 2 3 5 6 7 8 9 10 11 12 13 14 15 16 17 19 20 | 20.4
Evocations     | 1 2 3 5 6 7 8 9 10 11 12 13 14 15 16 17 18 | 18.6
Conjurations   | 1 2 3 4 5 6 7 8 9 10 11 12 13 14 15 | 15.9
Hexes          | 1 2 3 4 5 6 7 8 9 10 11 12 13 14 15 | 15.9
Summonings     | 1 2 3 4 5 6 7 8 9 10 11 12 13 14 15 | 15.9
Necromancy     | 1 2 3 4 5 6 7 8 9 10 11 12 13 14 15 | 15.9
Translocations | 1 2 3 4 5 6 7 8 9 10 11 12 13 14 15 | 15.9
Fire Magic     | 1 2 3 4 5 6 7 8 9 10 11 12 13 14 15 | 15.9
Ice Magic      | 1 2 3 4 5 6 7 8 9 10 11 12 13 14 15 | 15.9
Air Magic      | 1 2 3 4 5 6 7 8 9 10 11 12 13 14 15 | 15.9
Earth Magic    | 1 2 3 4 5 6 7 8 9 10 11 12 13 14 15 | 15.9
Dodging        | 5 6 7 8 9 10 11 12 13 14 15 16 17 18 19 | 19.1
Stealth        | 5 6 7 8 9 10 11 12 13 14 15 16 17 18 19 | 19.0
Poison Magic   | 6 7 8 9 10 11 12 13 14 15 16 | 16.7

Action                     |  1- 3 |  4- 6 |  7- 9 | 10-12 | 13-15 | 16-18 | 19-21 | 22-24 | 25-27 || total
---------------------------+-------+-------+-------+-------+-------+-------+-------+-------+-------++-------
  Melee: Dagger            |    12 |    49 |       |       |       |       |       |       |       ||    61
         Staff             |     5 |       |       |       |       |       |       |       |       ||     5
         Bite              |     2 |    10 |    12 |    24 |   126 |    54 |    90 |   131 |    66 ||   515
         Punch             |       |     1 |     1 |       |       |       |       |       |       ||     2
         Spear             |       |    29 |    90 |    85 |       |       |       |       |       ||   204
         Flail             |       |       |    21 |     6 |       |       |       |       |       ||    27
         Short sword       |       |       |     4 |       |       |       |       |       |       ||     4
         Rapier            |       |       |     4 |   123 |   819 |   316 |   199 |   119 |   214 ||  1794
         Lajatang          |       |       |       |    18 |       |       |       |       |       ||    18
         Bo                |       |       |       |       |       |       |   110 |   108 |    52 ||   270
         War axe           |       |       |       |       |       |       |    12 |       |       ||    12
         Trishula          |       |       |       |       |       |       |       |   585 |   147 ||   732
   Fire: Sling             |    16 |       |       |       |       |       |       |       |       ||    16
         Hand crossbow     |       |       |       |       |       |   569 |   451 |    94 |   174 ||  1288
  Throw: Boomerang         |       |     1 |     2 |   218 |   243 |   107 |   227 |    92 |    32 ||   922
         Dart              |       |       |       |       |       |     2 |     8 |     2 |       ||    12
         Javelin           |       |       |       |       |       |       |       |       |     2 ||     2
         Throwing net      |       |       |       |       |       |       |       |       |     1 ||     1
   Cast: Sting             |    32 |    31 |    48 |     3 |       |       |       |       |       ||   114
         Poisonous Vapours |     7 |    32 |    73 |    39 |    27 |    31 |     3 |       |       ||   212
         Olgreb's Toxic Ra |       |       |     9 |    41 |    83 |    17 |    19 |     5 |     2 ||   176
         Ignite Poison     |       |       |     3 |    16 |    27 |     3 |     6 |       |       ||    55
         Mephitic Cloud    |       |       |     2 |    12 |    20 |     2 |     2 |       |       ||    38
         Tukima's Dance    |       |       |       |     3 |     6 |    21 |    30 |    27 |     9 ||    96
         Dispel Undead     |       |       |       |       |     9 |     5 |       |     4 |     4 ||    22
         Yara's Violent Un |       |       |       |       |     1 |    10 |    17 |    18 |       ||    46
         Freezing Cloud    |       |       |       |       |     4 |    73 |    85 |    37 |    18 ||   217
         Blink             |       |       |       |       |     3 |     7 |     3 |     1 |       ||    14
         Leda's Liquefacti |       |       |       |       |     1 |     5 |       |       |       ||     6
         Borgnjor's Vile C |       |       |       |       |       |    57 |   125 |    34 |    28 ||   244
         Iron Shot         |       |       |       |       |       |       |   100 |   121 |    83 ||   304
         Conjure Ball Ligh |       |       |       |       |       |       |       |    72 |    52 ||   124
         Statue Form       |       |       |       |       |       |       |       |    64 |    41 ||   105
 Invoke: Slouch            |       |       |       |       |     2 |       |       |       |       ||     2
  Evoke: Wand              |       |       |     8 |     7 |    30 |    19 |    13 |    11 |       ||    88
         Phantom mirror    |       |       |       |       |     1 |       |     1 |       |     1 ||     3
         Lightning rod     |       |       |       |       |       |     6 |    11 |     6 |     3 ||    26
         Condenser vane    |       |       |       |       |       |       |     1 |     2 |     2 ||     5
         Box of beasts     |       |       |       |       |       |       |     1 |       |       ||     1
    Use: Scroll            |       |     9 |     8 |     5 |     8 |     7 |     9 |     4 |    13 ||    63
         Potion            |       |       |     1 |     1 |     4 |       |     6 |       |     4 ||    16
   Stab: Paralysed         |       |       |     4 |     3 |       |       |       |       |       ||     7
         Sleeping          |       |       |     1 |     1 |    18 |     4 |       |    12 |     3 ||    39
         Confused          |       |       |     1 |     3 |     2 |       |       |       |       ||     6
         Distracted        |       |       |       |       |     2 |     3 |       |     6 |       ||    11
         Invisible         |       |       |       |       |     2 |       |       |       |       ||     2
 Armour: Leather armour    |     6 |     6 |    30 |    49 |   146 |    49 |    56 |    14 |     3 ||   359
         Skin              |       |       |       |       |       |       |       |   236 |   105 ||   341
         Gold dragon scale |       |       |       |       |       |       |       |       |    10 ||    10
         Robe              |       |       |       |       |       |       |       |       |     6 ||     6
  Dodge: Dodged            |    20 |    45 |    61 |   124 |   487 |   219 |   253 |   701 |   472 ||  2382
  Block: Kite shield       |       |       |    14 |   109 |   230 |       |       |       |    37 ||   390
         Tower shield      |       |       |       |       |   765 |   688 |   703 |  1357 |   765 ||  4278

Table legend: (Time is in decaauts)
 A = Elapsed time spent in this place.
 B = Non-inter-level travel time spent in this place.
 C = Inter-level travel time spent in this place.
 D = Time resting spent in this place.
 E = Time spent auto-exploring this place.
 F = Levels seen in this place.
 G = Mean time per level.
                   A        B        C        D        E       F      G
               +--------+--------+--------+--------+--------+-----+--------+
         Total | 115535 |  96107 |  19428 |  13323 |  62009 |  58 | 1992.0 |
       Dungeon |  30518 |  23060 |   7458 |   2398 |  16610 |  15 | 2034.5 |
        Temple |    230 |    206 |     24 |      0 |    189 |   1 |  230.0 |
          Lair |  10684 |   8686 |   1998 |    554 |   6628 |   5 | 2136.8 |
         Swamp |   7312 |   6477 |    835 |   1109 |   4318 |   4 | 1828.0 |
     Snake Pit |   8692 |   7658 |   1034 |   1090 |   5262 |   4 | 2173.0 |
    Slime Pits |   1824 |   1399 |    425 |    589 |    117 |   5 |  364.8 |
  Orcish Mines |   3791 |   2829 |    962 |    361 |   1761 |   2 | 1895.5 |
   Elven Halls |   8927 |   8022 |    905 |   1002 |   5256 |   3 | 2975.7 |
        Vaults |  19187 |  15267 |   3920 |   2349 |   9506 |   5 | 3837.4 |
         Crypt |   6619 |   6292 |    327 |    756 |   3929 |   3 | 2206.3 |
        Depths |  11847 |  10314 |   1533 |   1744 |   6666 |   4 | 2961.8 |
          Hell |   1372 |   1371 |      1 |    293 |    649 |   1 | 1372.0 |
      Ziggurat |    298 |    298 |      0 |    176 |      0 |   3 |   99.3 |
      Ice Cave |   1305 |   1305 |      0 |     48 |    802 |   1 | 1305.0 |
       Volcano |    394 |    394 |      0 |     75 |      0 |   1 |  394.0 |
    Desolation |   2529 |   2529 |      0 |    774 |    314 |   1 | 2529.0 |
               +--------+--------+--------+--------+--------+-----+--------+

Top non-repeatable levels by time:
Vaults:2: 4746 daAuts
Vaults:3: 4606 daAuts
    D:15: 4113 daAuts
     D:9: 3824 daAuts
Depths:1: 3730 daAuts
Vaults:1: 3599 daAuts
Depths:2: 3476 daAuts
Vaults:4: 3459 daAuts
   Elf:3: 3278 daAuts
   Elf:2: 3237 daAuts
 Crypt:3: 3129 daAuts
 Snake:4: 2938 daAuts
Vaults:5: 2775 daAuts
  Lair:5: 2634 daAuts
Depths:3: 2629 daAuts

Table legend:
 A = Kills in this place as a percentage of kills in the entire game.
 B = Kills by you in this place as a percentage of kills by you in the entire game.
 C = Kills by friends in this place as a percentage of kills by friends in the entire game.
 D = Other kills in this place as a percentage of other kills in the entire game.
 E = Experience gained in this place as a percentage of experience gained in the entire game.
 F = Experience gained in this place divided by the number of levels of this place that you have seen.
                   A       B       C       D       E      F
               +-------+-------+-------+-------+-------+----------------------
         Total | 100.0 | 100.0 | 100.0 | 100.0 | 100.0 | 21903.1
       Dungeon |  19.8 |  20.0 |   3.3 |  11.1 |   6.7 | 5643.2
          Lair |   7.7 |   7.7 |   0.0 |  22.2 |   3.9 | 9895.4
         Swamp |   5.6 |   5.6 |   0.0 |   0.0 |   6.9 | 21917.5
     Snake Pit |   8.1 |   8.1 |  10.0 |   0.0 |   7.8 | 24830.0
    Slime Pits |   2.4 |   2.4 |   0.0 |   0.0 |   3.5 | 8876.0
  Orcish Mines |   4.4 |   4.4 |   0.0 |   0.0 |   1.2 | 7447.0
   Elven Halls |   6.7 |   6.8 |   0.0 |   0.0 |   9.2 | 38824.3
        Vaults |  18.0 |  17.8 |  33.3 |  11.1 |  25.6 | 65147.2
         Crypt |   8.1 |   8.2 |   0.0 |  22.2 |   9.2 | 38810.0
        Depths |  10.2 |  10.0 |  23.3 |  11.1 |  17.5 | 55464.5
          Hell |   2.6 |   2.6 |   0.0 |  11.1 |   3.5 | 44914.0
      Ziggurat |   0.2 |   0.2 |   0.0 |  11.1 |   0.2 | 943.7
      Ice Cave |   2.3 |   2.3 |   0.0 |   0.0 |   1.3 | 16410.0
       Volcano |   0.6 |   0.6 |   0.0 |   0.0 |   0.5 | 5738.0
    Desolation |   3.4 |   3.0 |  30.0 |   0.0 |   3.1 | 39602.0
               +-------+-------+-------+-------+-------+----------------------

Levels and vault maps discovered:
D:1:      dpeg_arrival_yet_another_circle, layout_basic,
          shapermc_ecumenical_altar_totnotflames, minmay_hedge_maze
D:2:      layout_rooms, basic_altar, amcnicky_mini_pool_small,
          serial_bayou_pond_c
D:3:      layout_basic, ebering_ghost_sewer_f
D:4:      layout_loops_ring, trog_three_pillars_becter, serial_shops, shop,
          shop, shop, minmay_crossroads
D:5:      layout_loops_ring, minitemple, tgw_sif, lemuel_temple_firewalk_b,
          nicolae_shop_i_like_small_books_too, chequers_jeans, uniq_edmund,
          uniq_ijyb, uniq_duvessa, uniq_blork_the_orc
D:6:      layout_basic, nicolae_uskayaw_dance_hall
D:7:      layout_basic, mainiacjoe_overflow_small_starburst,
          david_defended_altar_orc, uniq_joseph, uniq_pikel
D:8:      layout_rooms, nicolae_dithmenos_the_darkroom, minmay_quadrilaterals
D:9:      kennysheep_town
D:10:     layout_basic, yredelemnul_forgotten_temple_becter,
          gammafunk_ghost_cemetery, nicolae_concentric_dashed_squares_wild,
          chequers_serial_rivers_room_b, interstate_on_off, minivault_16,
          nicolae_titane
D:11:     layout_long_grid, erik_lair_island, uniq_erica
D:12:     layout_loops_ring, minmay_fountain_box
D:13:     layout_gridville, erik_vaults_1, special_room [special_room_orc],
          minmay_lizard_king
D:14:     layout_basic, kennysheep_cluttered_room, nicolae_inconvenience_store,
          minmay_misc_feat_diagonals, uniq_rupert
D:15:     gammafunk_enter_depths_forms, layout_basic,
          hellmonk_bongcloud_opening, serial_shops, nicolae_shop_statue_plus,
          serial_bayou_pond_c, minmay_checkered_concentric_circles
Temple:   nicolae_temple_bog_church
Lair:1:   layout_small_grid, nicolae_volcano_entry_vermiform,
          lemuel_fruit_fields
Lair:2:   layout_gridlike, minmay_snake_entry_guardpost_small, basic_altar,
          portal_ice_cave_entry_pillars_1
Lair:3:   layout_roguey [special_room_bee], minmay_swamp_entry_reptiles,
          st_stairs_7, beast_lair_carwin_8
Lair:4:   layout_cave_pods, slime_entry_1
Lair:5:   hellmonk_lair_end_abyssal_woods, layout_loops_ring,
          serial_bayou_shore_a
Swamp:1:  layout_basic_swamp, evilmike_swamp_ruin_house_4, swamp_pool4,
          uniq_roxanne
Swamp:2:  layout_falls_marsh, hangedman_swamp_lotus, uniq_kirke, uniq_aizul
Swamp:3:  nicolae_swamp_long_stream, layout_basic_swamp,
          hangedman_swamp_ruin_wall, infiniplex_staircase_pool_2
Swamp:4:  nzn_swamp_witches_coven, layout_basic_swamp, infiniplex_staircase_pool
Snake:1:  nrook_guardian_serpent_snake_passage, layout_rooms
Snake:2:  layout_layer_cave, grunt_megastairs_3, uniq_frances
Snake:3:  layout_onion, nicolae_snake_squiggles, nicolae_take_the_stairs,
          nicolae_snake_gridmaze_waves
Snake:4:  snake_pit, layout_chambers, hangedman_snake_corridor_cut
Slime:1:  layout_caves
Slime:2:  layout_caves
Slime:3:  layout_caves
Slime:4:  layout_caves, cheibrodos_slime_lost_civilization_4
Slime:5
Orc:1:    dreamdust_under_siege, layout_diamond_mine
Orc:2:    grunt_orc_cross, layout_caves, nicolae_orc_rockfall,
          nicolae_orc_crystal_geode
Elf:1:    hangedman_staggered_hall, layout_geoelf_octagon, serial_corexii_hall,
          corexii_hall_statues_x, chequers_hall_statues_corner_a
Elf:2:    nicolae_elf_blades_crystal_corner, layout_onion_city, serial_shops,
          nicolae_shop_trees, kilobyte_mutagenic_chamber, uniq_louise
Elf:3:    elf_hall, layout_onion_city, serial_shops, nicolae_shop_gaudy_bauble
Vaults:1: portal_desolation_entry_holy_temple, hangedman_vaults_variations,
          nicolae_vaults_variable_pillar_hall, v_pattern_4, kb_rosetta,
          v_misc_9, nicolae_vaults_theta, nicolae_vaults_trapezoid_4, v_rooms_6,
          vaults_room_grunt_arrival_ludios, nicolae_vaults_shelves_hall,
          nicolae_vaults_surprise_closet, layout_vaults_omnibox, serial_shops,
          shop, uniq_nikola, uniq_donald
Vaults:2: hangedman_vaults_hat, nicolae_vaults_stairing_the_circle,
          vaults_standard_mumra_x, hangedman_vaults_capsules,
          ontoclasm_vaults_tryst, v_misc_27,
          vaults_standard_mumra_enter_the_diamond, nicolae_vaults_rhombus_6,
          layout_vaults_omnigrid, serial_shops, nicolae_shop_rolled_up
Vaults:3: nicolae_vaults_house_1, nicolae_vaults_storage_room_water,
          nicolae_vaults_network_s, nicolae_vaults_six-pack,
          ontoclasm_vaults_idyll, nicolae_vaults_trapezoid_lopsided_1,
          vaults_mumra_chevron, hangedman_vaults_corner, v_misc_33,
          nicolae_vaults_yaktaur_gun_rack, nicolae_vaults_storage_room_statues,
          nicolae_vaults_trapezoid_lopsided_3, v_misc_32,
          layout_vaults_chaotic_city, serial_shops, shop
Vaults:4: hangedman_vaults_nodes, hangedman_vaults_maws,
          nicolae_vaults_network_quincunx
          [nicolae_vaults_network_quincunx_subvault,
          nicolae_vaults_network_quincunx_subvault,
          nicolae_vaults_network_quincunx_subvault,
          nicolae_vaults_network_quincunx_subvault,
          nicolae_vaults_network_quincunx_subvault], special_room_vaults
          [special_room_orc], v_misc_3, ontoclasm_vaults_twist,
          nicolae_vaults_what_the_h, v_misc_18, vaults_room_mumra_shop_pool,
          layout_vaults_maze_snakey, serial_shops, shop
Vaults:5
Crypt:1:  layout_gridlike
Crypt:2:  layout_basic, skrybe_necro_troll_2
Crypt:3:  due_elkab, layout_chaotic_city
Depths:1: layout_basic, grunt_hell_entry_dis_mu, kennysheep_boxes, minivault_16,
          minmay_gold_behind_fungi, nicolae_benzene_ring, item_on_display_a
Depths:2: kennysheep_four_of_diamonds, layout_gridlike, enter_ziggurat_c,
          pan_entry, hell_entry, minmay_shop_grove
Depths:3: minmay_the_grid_triangle_9x9_rhombus_full_mashed
          [minmay_the_grid_triangle_9x9_intruding_spiral,
          minmay_the_grid_triangle_9x9_subtriangle,
          minmay_the_grid_triangle_9x9_alien,
          minmay_the_grid_triangle_9x9_negative_grid,
          minmay_the_grid_triangle_9x9_checkered,
          minmay_the_grid_triangle_9x9_zippers_horizontal,
          minmay_the_grid_triangle_9x9_warning,
          minmay_the_grid_triangle_9x9_prize_schism], layout_cave_pools,
          chequers_serial_rivers_room_b, hell_entry, abyss_entry,
          hangedman_aviary
Depths:4: grunt_zot_entry_tricorne, layout_gridlike, pan_entry, fedhas_altar_1,
          hell_entry, uniq_jory, uniq_saint_roka
Hell
Zig:3
